 Dungeon Crawl Stone Soup version 0.26.0-10-g1f06aea511 (webtiles) character file.

Game seed: 6027611818553327231

1853 Borgoz the Slasher (level 9, -7/74 HPs)
             Began as a Ghoul Gladiator on Jan 13, 2021.
             Was a Follower of Ashenzari.
             Mangled by a manticore (15 damage)
             ... on level 7 of the Dungeon.
             The game lasted 00:10:50 (7504 turns).

Borgoz the Slasher (Ghoul Gladiator)                Turns: 7504, Time: 00:10:50

Health: -7/74      AC: 10    Str: 18    XL:     9   Next: 12%
Magic:  0/8        EV: 12    Int:  3    God:    Ashenzari [*.....]
Gold:   469        SH:  0    Dex: 13    Spells: 8/8 levels left

rFire    + . .     SeeInvis .   a - +2 great sword (curse)
rCold    + . .     Faith    .   (shield currently unavailable)
rNeg     + + +     Spirit   +   l - +0 scale mail
rPois    ∞         Reflect  .   c - +0 helmet
rElec    .         Harm     .   (no cloak)
rCorr    .         Rampage  .   j - +0 pair of gloves
Will     .....                  (no boots)
Stlth    ..........             p - amulet of guardian spirit
HPRegen  0.00/turn              e - ring of protection from fire
MPRegen  0.11/turn              (no ring)

@: no status effects
A: claws 1, cold resistance 1, negative energy resistance 3, inhibited
regeneration, torment resistance, unbreathing
a: Renounce Religion, Curse Item, Scrying


You were on level 7 of the Dungeon.
You worshipped Ashenzari.
Ashenzari was aware of your devotion.
You visited 2 branches of the dungeon, and saw 8 of its levels.

You collected 469 gold pieces.

Inventory:

Hand Weapons
 a - a cursed +2 great sword (weapon)
Armour
 c - a +0 helmet (worn)
 j - a +0 pair of gloves (worn)
 l - a +0 scale mail (worn)
Jewellery
 e - a ring of protection from fire (left hand)
 p - an amulet of guardian spirit (around neck)
 q - an uncursed ring of fire
Wands
 s - a wand of flame (19)
Scrolls
 b - 4 scrolls of magic mapping
 f - a scroll of fog
 h - 2 scrolls of fear {unknown}
 o - 2 scrolls of enchant armour
 r - 3 scrolls of teleportation
 t - a scroll of remove curse
 u - a scroll of identify
Potions
 d - a potion of cancellation
 g - a potion of haste
 i - a potion of ambrosia {unknown}
 k - a potion of brilliance
 m - a potion of flight
 v - a potion of mutation {unknown}
 w - a potion of resistance {unknown}


   Skills:
 + Level 5.4 Fighting
 * Level 6.6 Long Blades
 - Level 1.7 Throwing
 * Level 6.0 Armour
 + Level 5.0 Dodging


You had 8 spell levels left.
You didn't know any spells.
Your spell library contained the following spells:

 Spells                   Type           Power        Failure   Level
 Corona                   Hex            0%           87%         1
 Ensorcelled Hibernation  Hex/Ice        0%           95%         2
 Confusing Touch          Hex            0%           99%         3
 Dazzling Flash           Conj/Hex       0%           99%         3
 Static Discharge         Conj/Air       0%           99%         3
 Tukima's Dance           Hex            0%           99%         3
 Lightning Bolt           Conj/Air       0%           100%        5
 Ignition                 Fire           0%           100%        8
 Shatter                  Erth           0%           100%        9
 Tornado                  Air            0%           100%        9
 Beastly Appendage        Tmut           Unusable     N/A         1

Dungeon Overview and Level Annotations

Branches:
Dungeon (7/15)             Temple (1/1) D:6

Altars:
Ashenzari
Dithmenos
Elyvilon
Fedhas
Gozag
Hepliaklqana
Kikubaaqudgha
Makhleb
Nemelex Xobeh
Okawaru
Qazlal
Ru
Sif Muna
Trog
Uskayaw
Vehumet
Wu Jian
Xom
Yredelemnul
Zin
The Shining One


Innate Abilities, Weirdness & Mutations

You thrive by killing the living.
You are immune to poison.
You have sharp fingernails.
Your flesh is cold resistant. (rC+)
You are immune to negative energy. (rN+++)
You do not regenerate when monsters are visible.
You are immune to unholy pain and torment.
You can survive without breathing.


Message History

The manticore claws you.
* * * LOW HITPOINT WARNING * * *
The manticore claws you but does no damage.
You feel much better. The manticore barely misses you.
You riposte.
You closely miss the manticore.
The manticore is heavily wounded.
The manticore claws you but does no damage.
The manticore claws you!
You slash the manticore!
The manticore is severely wounded.
The manticore closely misses you. The manticore claws you.
* * * LOW HITPOINT WARNING * * *
The manticore closely misses you. The manticore bites you!
* * * LOW HITPOINT WARNING * * *
The manticore barely misses you. The manticore closely misses you.
Okay, then.
You slash the manticore!
The manticore is almost dead.
The manticore bites you!
You die...

### ..# #.# #### #.#
#...
###.####.##########.##
...................#
##.##.####.###...####.##
.......###.##.....# #...
#..@...###...## ###.
##H##### ##.## #. #. #.#
## .. #.# # #.. ##+# #
#.. ##...## # #..
##.....## # ...
##.......## #
#.........####


You could see a manticore.

Vanquished Creatures
  Sigmund (D:3)
  3 phantoms
  An ice beast (D:5)
  A black bear (D:7)
  A bullfrog (D:6)
  A scorpion (D:4)
  8 wights
  A howler monkey (D:6)
  2 bullfrog zombies (D:6)
  A centaur zombie (D:6)
  A bullfrog skeleton (D:6)
  A hound (D:4)
  A jelly (D:7)
  5 orc wizards
  Terence (D:2)
  Jessica (D:2)
  An iguana (D:4)
  6 worker ants
  A hound zombie (D:5)
  A hound skeleton (D:6)
  5 adders
  2 shadow imps (D:5)
  A white imp (D:5)
  3 oozes
  4 worms
  8 leopard geckos
  10 orcs
  4 ball pythons
  5 bats (D:1)
  5 giant cockroaches
  5 goblins
  11 hobgoblins
  8 jackals
  4 quokkas
  5 frilled lizards
  8 kobolds
  A quokka zombie (D:6)
  9 rats
137 creatures vanquished.

Notes
Turn   | Place    | Note
-------+----------+-------------------------------------------
     0 | D:1      | Borgoz the Ghoul Gladiator began the quest for the Orb.
     0 | D:1      | Reached XP level 1. HP: 17/17 MP: 0/0
   358 | D:1      | Reached XP level 2. HP: 25/25 MP: 1/1
   400 | D:1      | Reached skill level 1 in Armour
   412 | D:1      | Reached XP level 3. HP: 25/30 MP: 2/2
   884 | D:2      | Noticed Terence
   897 | D:2      | Killed Terence
   898 | D:2      | Reached XP level 4. HP: 34/37 MP: 3/3
  1244 | D:2      | Found an ancient bone altar of Kikubaaqudgha.
  1966 | D:2      | Noticed Jessica
  1976 | D:2      | Killed Jessica
  1977 | D:2      | Reached XP level 5. HP: 45/45 MP: 4/4
  2653 | D:3      | Noticed Sigmund
  2957 | D:3      | HP: 1/45 [orc wizard/magic dart (7)]
  2977 | D:2      | Reached XP level 6. HP: 6/51 MP: 5/5
  3281 | D:3      | Killed Sigmund
  3543 | D:3      | Reached XP level 7. HP: 38/58 MP: 6/6
  4422 | D:5      | Entered Level 5 of the Dungeon
  4432 | D:5      | Found a blossoming altar of Fedhas.
  4781 | D:5      | Found a bloodstained altar of Trog.
  4785 | D:5      | Found a basalt altar of Yredelemnul.
  4787 | D:5      | Found a glowing silver altar of Zin.
  4797 | D:5      | Found an iron altar of Okawaru.
  4814 | D:5      | Found a radiant altar of Vehumet.
  5034 | D:5      | Reached skill level 5 in Long Blades
  5369 | D:6      | Found a staircase to the Ecumenical Temple.
  5377 | Temple   | Entered the Ecumenical Temple
  5630 | Temple   | Became a worshipper of Ashenzari the Shackled
  5702 | D:6      | Reached XP level 8. HP: 22/67 MP: 7/7
  6074 | D:6      | Reached skill level 5 in Armour
  6415 | D:6      | Found a shimmering blue altar of Sif Muna.
  6431 | D:6      | Identified Sif Muna's Compendium of Transmutation
  6775 | D:6      | Reached skill level 5 in Fighting
  7179 | D:7      | Reached XP level 9. HP: 73/74 MP: 6/8
  7255 | D:7      | Reached * piety under Ashenzari
  7301 | D:7      | Reached skill level 5 in Dodging
  7496 | D:7      | Noticed a manticore
  7504 | D:7      | Mangled by a manticore

Illustrated notes

Levels and vault maps discovered:
D:1:      onia_arrival_pyramid, layout_basic, st_stairs_14, minmay_tall_x
D:2:      layout_basic, overflow_temple_1_default,
          minmay_fractal_squares_gapless_5, uniq_jessica, uniq_terence
D:3:      layout_basic, uniq_sigmund
D:4:      layout_rooms
D:5:      layout_cave_pods, minmay_overflow_temple_star_hex,
          corexii_hall_statues_i, fedhas_ov_isle_minmay
D:6:      layout_basic, led_sif_book, minmay_temple_entry_enclosed_plants
D:7:      layout_loops_corners, serial_bayou_pond_d, minmay_manual_moon
Temple:   dpeg_chambers_temple

Skill      XL: |  1  2  3  4  5  6  7  8  9 |
---------------+----------------------------+-----
Long Blades    | 3 4 5 6 |  6.6
Armour         | 1 2 3 4 5 6 |  6.0
Dodging        | 3 4 5 |  5.0
Fighting       | 3 4 5 |  5.4
Throwing       | |  1.7

Action                   |  1- 3 |  4- 6 |  7- 9 || total
-------------------------+-------+-------+-------++-------
Melee: Long sword        |    52 |   262 |   231 ||   545
       Great sword       |       |       |    58 ||    58
Throw: Throwing net      |       |     5 |     1 ||     6
Evoke: Wand              |       |       |     4 ||     4
  Use: Potion            |       |     8 |     5 ||    13
       Scroll            |       |     9 |     9 ||    18
 Stab: Invisible         |       |     3 |       ||     3
Armor: Leather armour    |    25 |     2 |       ||    27
       Scale mail        |       |   113 |   127 ||   240
Dodge: Dodged            |    33 |   131 |   186 ||   350
Block: Buckler           |     2 |    26 |    23 ||    51
       Rpst.: Long sword |    11 |    38 |    38 ||    87
       Great sword       |       |       |    11 ||    11
